 Dungeon Crawl Stone Soup version 0.31-a0-66-ge618eeaa78 (webtiles) character file.

Game seed: 10628251012830929912

87565 Newt the Markskobold (level 16, -10/90 HPs)
             Began as a Kobold Hunter on May 22, 2023.
             Was a High Priest of Hepliaklqana.
             Mangled by a spriggan rider
             ... wielding a +0 spear
             ... led by a spriggan druid
              (20 damage)
             ... on level 2 of the Swamp.
             The game lasted 00:34:06 (25706 turns).

Newt the Markskobold (Kobold Hunter)               Turns: 25706, Time: 00:34:07

Health: -10/90     AC: 16    Str:  8    XL:     16   Next: 37%
Magic:  24/25      EV: 24    Int: 12    God:    Hepliaklqana [*****.]
Gold:   258        SH:  0    Dex: 29    Spells: 21/27 levels left

rFire   . . .        P - +8 trident of the Octopus King {venom, rElec rPois}
rCold   + . .        (shield currently unavailable)
rNeg    + . .        a - +2 leather armour "Tusol" {rPois Will+ Regen+ Str-2}
rPois   +            h - +0 helmet {SInv}
rElec   +            u - +2 cloak {rCorr}
rCorr   +            J - +1 pair of gloves {hurl}
SInv    +            (no boots)
Will    ++...        K - amulet of magic regeneration
Stlth   +++          O - +4 ring of protection
HPRegen 1.15/turn    A - ring of Neoc {rC+ rN+ Dex+6}
MPRegen 0.59/turn

%: no passive effects
@: studying 2 skills
A: reduced essence, small, no large weapons, nightstalker 3
a: Renounce Religion, Recall Ancestor, Ancestor Identity, Transference, Idealise


You were on level 2 of the Swamp.
You worshipped Hepliaklqana.
Hepliaklqana was extremely pleased with you.
You visited 5 branches of the dungeon, and saw 21 of its levels.
You also visited: Ice Cave.

You collected 2016 gold pieces.
You spent 1758 gold pieces at shops.

Inventory:

Hand Weapons
 I - the +4 sling of Dishonesty {speed, rPois Int-4 Dex+4}
   (You found it on level 1 of the Lair of Beasts)

   Int:       It affects your intelligence (-4).
   Dex:       It affects your dexterity (+4).
   rPois:     It protects you from poison.
 P - the +8 trident of the Octopus King (weapon) {venom, rElec rPois}
   (You found it on level 5 of the Lair of Beasts)

   rElec:     It insulates you from electricity.
   rPois:     It protects you from poison.
 V - the +3 spear of Inconvenience {flame, *Noise rPois rN+++ Str+2}
   (You bought it in a shop on level 2 of the Orcish Mines)

   Str:       It affects your strength (+2).
   rPois:     It protects you from poison.
   rN:        It renders you almost immune to negative energy.
   *Noise:    It may make noises in combat.
Missiles
 n - 4 throwing nets
Armour
 a - the +2 leather armour "Tusol" (worn) {rPois Will+ Regen+ Str-2}
   (You found it on level 1 of the Swamp)

   Str:       It affects your strength (-2).
   rPois:     It protects you from poison.
   Regen:     It increases your rate of health regeneration.
   Will:      It increases your willpower.
 h - a +0 helmet of see invisible (worn)
 u - a +2 cloak of preservation (worn)
 C - a +0 troll leather armour
 D - the +0 helmet of Wocs {rPois rN+}
   (You bought it in a shop on level 2 of the Orcish Mines)

   rPois:     It protects you from poison.
   rN:        It protects you from negative energy.
 J - a +1 pair of gloves of hurling (worn)
 L - a +0 leather armour of cold resistance
Jewellery
 b - a +6 ring of strength
 m - a ring of see invisible
 w - a ring of flight
 A - the ring of Neoc (right hand) {rC+ rN+ Dex+6}
   (You found it in an ice cave)

   [ring of protection from cold]

   Dex:       It affects your dexterity (+6).
   rC:        It protects you from cold.
   rN:        It protects you from negative energy.
 E - a +4 ring of protection
 K - an amulet of magic regeneration (around neck)
 M - a ring of willpower
 O - a +4 ring of protection (left hand)
Wands
 q - a wand of iceblast (5)
 t - a wand of polymorph (15)
 y - a wand of mindburst (4)
 B - a wand of paralysis (11)
 N - a wand of flame (23)
Scrolls
 l - 5 scrolls of fog
 o - 4 scrolls of teleportation
 p - 5 scrolls of immolation
 r - a scroll of silence
 x - 8 scrolls of amnesia
 F - a scroll of enchant armour
 T - a scroll of enchant weapon
 W - 2 scrolls of poison
 Y - a scroll of brand weapon
 Z - 3 scrolls of identify
Potions
 e - 3 potions of brilliance
 f - 5 potions of might
 g - 5 potions of lignification
 j - 3 potions of resistance
 s - a potion of enlightenment
 v - a potion of magic
 H - a potion of mutation
 Q - 4 potions of cancellation
 R - 2 potions of curing
 S - a potion of berserk rage


   Skills:
 - Level 12.0 Fighting
 + Level 9.9 Polearms
 - Level 20.0 Ranged Weapons
 - Level 6.0 Armour
 - Level 10.0 Dodging
 - Level 1.3 Stealth
 - Level 6.0 Spellcasting
 - Level 5.9 Hexes
 - Level 5.2 Transmutations
 - Level 5.8 Fire Magic
 - Level 2.9 Air Magic
 - Level 5.1 Poison Magic
 - Level 2.3 Invocations
 - Level 6.0 Evocations


You had 21 spell levels left.
You knew the following spells:

 Your Spells              Type           Power      Damage    Failure   Level
a - Inner Flame           Hex/Fire       15%        N/A       9%          3
b - Ignite Poison         Fire/Tmut/Pois 14%        N/A       12%         3

Your spell library contained the following spells:

 Spells                   Type           Power      Damage    Failure   Level
 Confusing Touch          Hex            17%        N/A       6%          3
 Shock                    Conj/Air       20%        1d4       19%         1
 Cigotuvi's Dreadful Rot  Necr/Pois/Air  14%        N/A       19%         2
 Swiftness                Air            10%        N/A       22%         3
 Cause Fear               Hex            8%         N/A       22%         4
 Olgreb's Toxic Radiance  Pois           16%        N/A       28%         4
 Dazzling Flash           Conj/Hex       16%        N/A       30%         3
 Volatile Blastmotes      Fire/Tloc      16%        2d11      30%         3
 Kiss of Death            Conj/Necr      4%         2d5       32%         1
 Airstrike                Air            5%         2d(1-17)  58%         4
 Yara's Violent Unravell  Hex/Tmut       7%         3d5       67%         5
 Anguish                  Hex/Necr       4%         N/A       69%         4
 Dispel Undead            Necr           3%         3d7       94%         4
 Iskenderun's Mystic Bla  Conj/Tloc      1%         2d3       97%         4
 Freezing Cloud           Conj/Ice/Air   1%         6-21      100%        5
 Iskenderun's Battlesphe  Conj           3%         2d6       100%        5
 Conjure Ball Lightning   Conj/Air       2%         3x3d6     100%        6
 Iron Shot                Conj/Erth      0%         9d1       100%        6
 Starburst                Conj/Fire      4%         6d3       100%        6
 Enfeeble                 Hex            8%         N/A       100%        7
 Spellforged Servitor     Conj/Summ      0%         N/A       100%        7
 Discord                  Hex            8%         N/A       100%        8
 Disjunction              Tloc           1%         N/A       100%        8
 Ignition                 Fire           8%         3d5       100%        8


Dungeon Overview and Level Annotations

Branches:
Dungeon (11/15)            Temple (1/1) D:6            Lair (5/5) D:10
  Swamp (2/4) Lair:2       Spider (0/4) Lair:2        Slime (0/5) Lair:4
    Orc (2/2) D:10            Elf (0/3) Orc:2         IceCv (visited)

Altars:
Ashenzari
Cheibriados
Dithmenos
Elyvilon
Fedhas
Gozag
Hepliaklqana
Kikubaaqudgha
Makhleb
Nemelex Xobeh
Okawaru
Qazlal
Ru
Sif Muna
Trog
Uskayaw
Vehumet
Wu Jian
Xom
Yredelemnul
Zin
The Shining One
Jiyva

Shops:
D:4 ?   D:9 [   D:10 :   Orc:2 *(([!:***


Innate Abilities, Weirdness & Mutations

Your life essence is reduced to manifest your ancestor. (-10% HP)
You are small and have problems with some larger weapons.
You are completely attuned to the shadows.


Message History

Okay, then.
Casting: Ignite Poison (dangerous; 12% risk of failure)
Press: ? - help, Q - select action, (/) - cycle Dir - look around, f - activate You ignite the poison in your surroundings!
The spriggan druid seems to burn from within!!!
You kill the spriggan druid!
The spriggan seems to burn from within!
You kill the spriggan!
Djefatnebti misses the spriggan rider.
The spriggan rider hits you from afar with a +0 spear!
* * * LOW HITPOINT WARNING * * *
Unknown command.
Unknown command.
Unknown command.
A spriggan rider is nearby!
A spriggan rider is nearby!
A spriggan rider is nearby!
Reach: P) +8 trident of the Octopus King {venom, rElec rPois}
Press: ? - help, Dir - move target, f - spriggan rider
Aim: a spriggan rider, wielding a +0 spear (moderately wounded, ally target, about 39% to evade the +8 trident of the Octopus King)
You reach to attack!
You miss the spriggan rider.
The spriggan rider is moderately wounded.
Djefatnebti completely misses the spriggan rider.
The spriggan rider barely misses you.
Unknown command.
Unknown command.
Reach: P) +8 trident of the Octopus King {venom, rElec rPois}
Press: ? - help, Dir - move target, f/p - spriggan rider
Aim: a spriggan rider, wielding a +0 spear (moderately wounded, ally target, about 39% to evade the +8 trident of the Octopus King)
You reach to attack!
You puncture the spriggan rider!
The spriggan rider looks as sick as possible!
The spriggan rider is heavily wounded.
Unknown command.
Reach: P) +8 trident of the Octopus King {venom, rElec rPois}
Press: ? - help, Dir - move target, f/p - spriggan rider
Aim: a spriggan rider, wielding a +0 spear (heavily wounded, extremely poisoned, ally target, about 39% to evade the +8 trident of the Octopus King)
You reach to attack!
You barely miss the spriggan rider.
The spriggan rider is heavily wounded.
The spriggan rider hits you from afar with a +0 spear!!
You die...

♣♣~♣♣ ♣..~♣ ♣♣♣~♣♣
♣♣~...♣ ♣§...♣♣
......~.~ ♣♣.~..♣
≈≈....§!~~ ~♣♣♣.♣♣.≈
♣♣≈≈≈...)§§.
..♣...♣.≈♣♣.$♣≈≈.)....
..~~.♣♣.≈≈≈♣?...@)....
♣.♣~♣♣♣..≈≈≈≈≈≈..Ri$..
~....♣♣♣.........♣♣.§~
.~~....♣~...~~~♣♣♣ .♣
.~...~~♣♣.....♣♣ ♣
♣~♣.~~~..~~~...♣
♣♣~~~~~.~~.~~~~♣
♣♣.~§~~.~~~~~~♣
♣..~~~..~.....


You could see the friendly Djefatnebti the knight and a spriggan rider
(extremely poisoned, ally target).

Vanquished Creatures
  An azure jelly (IceCv)
  An orc warlord (Orc:2)
  3 quicksilver oozes (IceCv)
  An eleionoma (Swamp:1)
  The ghost of PailKail the Severer, a journeyman DrBe of Trog (Swamp:1)
  Snorg (Lair:4)
  The ghost of PailKail the Cleaver, a journeyman DrBe of Trog (Swamp:1)
  Harold (D:9)
  5 hydras
  4 ghost crabs (Swamp:1)
  Erica (D:10)
  A tengu warrior (Swamp:2)
  A merfolk avatar (Lair:5)
  2 two-headed ogres
  A boulder beetle (D:11)
  3 alligators (Swamp:1)
  Nergalle (Lair:2)
  Urug (D:11)
  5 spriggans
  3 skysharks (Lair:5)
  2 fire crabs (Lair:2)
  A goliath frog (Swamp:1)
  5 spriggan druids
  A sea snake (Lair:5)
  2 bog bodies (Swamp:1)
  A necromancer (Lair:3)
  2 orc knights (Orc:2)
  2 orc sorcerers (Orc:2)
  9 elephants (Lair:5)
  4 apocalypse crabs (Swamp:1)
  2 torpor snails
  An ice statue (IceCv)
  8 cane toads
  Maggie (Lair:1)
  A molten gargoyle (Lair:3)
  A rime drake (Lair:2)
  8 komodo dragons
  A tengu conjurer (Swamp:2)
  2 trolls
  6 polar bears
  A tyrant leech (Swamp:1)
  9 blink frogs
  8 hornets
  Sigmund (D:3)
  6 slime creatures (IceCv)
  2 vampires (D:11)
  A shadow (D:11)
  A culicivora (Lair:2)
  62 yaks
  3 wraiths
  5 wyverns
  5 basilisks
  Eustachio (D:5)
  A steam dragon (Lair:4)
  A death yak simulacrum (Orc:2)
  7 vampire mosquitoes
  2 swamp worms
  2 acid dragons
  A warg (Orc:2)
  18 water moccasins
  9 ogres
  16 orc warriors
  6 black bears
  A sky beast (D:7)
  3 great orb of eyes simulacra (IceCv)
  15 wolves
  9 centaurs
  2 slime creature simulacra (IceCv)
  3 kobold brigands
  2 phantoms
  9 bullfrogs
  9 scorpions
  A gnoll sergeant (D:9)
  A cane toad simulacrum (Orc:2)
  2 glowing shapeshifter simulacra (IceCv)
  4 wights (D:8)
  An electric eel (Lair:4)
  5 jellies
  4 howler monkeys
  5 lava snakes (Lair:3)
  A hound (D:6)
  Crazy Yiuf (D:6)
  4 iguanas
  13 orc priests
  A sleepcap (D:7)
  Ijyb (D:5)
  A hell rat (Lair:2)
  11 orc wizards
  A spriggan simulacrum (Orc:2)
  2 polar bear simulacra (Lair:3)
  A troll simulacrum (Orc:2)
  2 wolf simulacra (Lair:3)
  2 yak simulacra (Lair:3)
  12 gnolls
  7 adders
  2 shadow imps (D:5)
  A white imp (D:5)
  2 ufetubi
  2 worms (D:5)
  4 dart slugs
  50 orcs
  5 ball pythons
  A bat (D:2)
  4 endoplasms
  6 giant cockroaches
  8 goblins
  4 hobgoblins
  3 jackals
  4 quokkas
  2 frilled lizards
  20 kobolds
  7 rats
  3 river rat simulacra (Lair:3)
530 creatures vanquished.

Vanquished Creatures (collateral kills)
  A quicksilver ooze (IceCv)
  2 hydras
  A ghost crab (Swamp:1)
  An alligator (Swamp:1)
  A two-headed ogre (Orc:1)
  2 orc high priests (Orc:2)
  4 goliath frogs (Swamp:1)
  A harpy (Lair:5)
  An orc sorcerer (Orc:2)
  2 ice statues (IceCv)
  A cane toad (Lair:2)
  A molten gargoyle (Lair:3)
  2 polar bears
  A troll (Orc:1)
  4 blink frogs
  A hornet (Swamp:1)
  3 slime creatures (IceCv)
  A culicivora (Lair:2)
  14 yaks
  2 wyverns
  3 spriggans
  2 basilisks
  A steam dragon (Lair:2)
  A vampire mosquito (Swamp:1)
  2 water moccasins
  7 orc warriors (Orc:2)
  A swamp drake (Swamp:1)
  An ogre (Orc:2)
  A slime creature simulacrum (IceCv)
  6 wolves
  2 glowing shapeshifter simulacra (IceCv)
  A scorpion (Lair:2)
  A two-headed ogre simulacrum (Orc:2)
  2 elephant simulacra (Orc:2)
  An orc priest (Orc:2)
  An iguana (Lair:2)
  2 orc wizards
  A polar bear simulacrum (Orc:2)
  2 shapeshifter simulacra (IceCv)
  2 wolf simulacra (Lair:3)
  4 orcs
90 creatures vanquished.

Vanquished Creatures (others)
  A hornet (Lair:2)
  10 knights
  3 ancestors
14 creatures vanquished.

Grand Total: 634 creatures vanquished

Notes
Turn   | Place    | Note
-------+----------+-------------------------------------------
     0 | D:1      | Newt the Kobold Hunter began the quest for the Orb.
     0 | D:1      | Reached XP level 1. HP: 12/12 MP: 1/1
   129 | D:1      | Reached XP level 2. HP: 18/18 MP: 2/2
   389 | D:1      | Reached XP level 3. HP: 23/23 MP: 3/3
   417 | D:1      | You fall into a shaft and drop 1 floor!
   681 | D:2      | Reached XP level 4. HP: 30/30 MP: 4/4
  1890 | D:3      | Noticed Sigmund
  1898 | D:3      | Killed Sigmund
  1899 | D:3      | Reached skill level 5 in Fighting
  1899 | D:3      | Reached skill level 7 in Ranged Weapons
  1899 | D:3      | Reached XP level 5. HP: 18/35 MP: 5/5
  1899 | D:3      | Reached XP level 6. HP: 20/40 MP: 6/6
  2385 | D:4      | Reached skill level 8 in Ranged Weapons
  2817 | D:4      | Noticed an ogre
  2847 | D:4      | Killed an ogre
  2848 | D:4      | Reached skill level 9 in Ranged Weapons
  2848 | D:4      | Reached XP level 7. HP: 44/44 MP: 7/7
  3003 | D:4      | Found Qall's Magic Scroll Shoppe.
  3007 | D:4      | Bought a scroll of enchant weapon for 82 gold pieces
  3007 | D:4      | Bought a scroll of identify for 22 gold pieces
  3057 | D:4      | Found a shadowy altar of Dithmenos.
  3208 | D:4      | Reached skill level 10 in Ranged Weapons
  3294 | D:4      | Noticed a water moccasin
  3305 | D:4      | HP: 1/44 [water moccasin (5)]
  3307 | D:4      | Killed a water moccasin
  3924 | D:5      | Entered Level 5 of the Dungeon
  3955 | D:5      | Reached XP level 8. HP: 38/47 MP: 8/8
  4274 | D:5      | Found a burning altar of Makhleb.
  4323 | D:5      | Noticed Eustachio
  4332 | D:5      | Reached skill level 5 in Dodging
  4343 | D:5      | Killed Eustachio
  4496 | D:5      | Reached skill level 11 in Ranged Weapons
  4666 | D:5      | Noticed Ijyb
  4671 | D:5      | Killed Ijyb
  4932 | D:5      | Reached skill level 12 in Ranged Weapons
  4932 | D:5      | Reached XP level 9. HP: 51/54 MP: 9/9
  5097 | D:6      | Reached skill level 13 in Ranged Weapons
  5320 | D:6      | Reached skill level 14 in Ranged Weapons
  5395 | D:6      | Found a staircase to the Ecumenical Temple.
  5508 | Temple   | Entered the Ecumenical Temple
  5511 | Temple   | Found a transporter.
  5511 | Temple   | Found a transporter.
  5513 | Temple   | Found a transporter.
  5513 | Temple   | Found a transporter.
  5592 | D:6      | Found a runed translucent door.
  5595 | D:6      | Noticed Crazy Yiuf
  5810 | D:6      | Killed Crazy Yiuf
  6262 | D:7      | Reached XP level 10. HP: 64/64 MP: 10/10
  6704 | D:7      | Reached skill level 15 in Ranged Weapons
  7082 | D:8      | Found a blossoming altar of Fedhas.
  7741 | D:9      | Noticed Harold
  7745 | D:9      | Reached skill level 16 in Ranged Weapons
  7755 | D:9      | Killed Harold
  7854 | D:9      | Reached XP level 11. HP: 62/68 MP: 11/11
  7924 | D:9      | Found an ornate altar of the Wu Jian Council.
  8114 | D:9      | Found Nerch's Armour Emporium.
  8227 | D:9      | Paralysed by a hornet for 2 turns
  8234 | D:9      | Reached skill level 10 in Dodging
  8508 | D:9      | Found a hazy altar of Hepliaklqana.
  8529 | D:9      | Became a worshipper of Hepliaklqana the Forgotten
  8667 | D:10     | Entered Level 10 of the Dungeon
  8754 | D:10     | Noticed Erica
  8765 | D:10     | Killed Erica
  8766 | D:10     | Reached skill level 17 in Ranged Weapons
  8924 | D:10     | Found Gisiemum's Book Emporium.
  8959 | D:10     | Reached skill level 18 in Ranged Weapons
  8973 | D:10     | Reached skill level 1 in Spellcasting
  8973 | D:10     | Reached skill level 1 in Hexes
  8973 | D:10     | Reached skill level 1 in Fire Magic
  9044 | D:10     | Found a staircase to the Orcish Mines.
  9421 | D:10     | Noticed a two-headed ogre
  9427 | D:10     | Killed a two-headed ogre
  9563 | D:10     | Found a staircase to the Lair.
 10046 | D:11     | Reached XP level 12. HP: 73/73 MP: 16/16
 10125 | D:11     | Learned a level 3 spell: Inner Flame
 10581 | D:11     | Noticed a boulder beetle
 10591 | D:11     | Killed a boulder beetle
 10693 | D:11     | Noticed Urug
 10700 | D:11     | Killed Urug
 10796 | D:11     | Reached * piety under Hepliaklqana
 11000 | D:11     | Noticed a two-headed ogre
 11005 | D:11     | Killed a two-headed ogre
 11006 | D:11     | Reached skill level 5 in Spellcasting
 11006 | D:11     | Reached skill level 5 in Hexes
 11006 | D:11     | Reached skill level 5 in Fire Magic
 11433 | Lair:1   | Entered Level 1 of the Lair of Beasts
 11696 | Lair:1   | Reached skill level 1 in Armour
 11844 | Lair:1   | Noticed an eight-headed hydra
 11877 | Lair:1   | Noticed Maggie
 11882 | Lair:1   | Killed Maggie
 12115 | Lair:1   | Noticed a six-headed hydra
 12116 | Lair:1   | Noticed a four-headed hydra
 12352 | Lair:1   | Killed a four-headed hydra
 12353 | Lair:1   | Reached XP level 13. HP: 70/70 MP: 19/22
 12361 | Lair:1   | Killed an eight-headed hydra
 12435 | Lair:1   | Identified the +4 sling of Dishonesty {speed, rPois Int-4
                  | Dex+4}
 12579 | Lair:1   | Killed a six-headed hydra
 12628 | Lair:1   | Reached skill level 5 in Armour
 12776 | Lair:2   | Reached ** piety under Hepliaklqana
 12778 | Lair:2   | Remembered your ancestor Djefatnebti as a knight
 13144 | Lair:2   | Reached skill level 10 in Fighting
 13324 | Lair:2   | HP: 3/74 [fire crab] (25)]
 13524 | Lair:2   | Noticed Nergalle
 13535 | Lair:2   | Killed Nergalle
 13837 | Lair:2   | Found a hole to the Spider Nest.
 13999 | Lair:2   | Noticed an eight-headed hydra
 14002 | Lair:2   | Noticed a four-headed hydra
 14007 | Lair:2   | Killed an eight-headed hydra
 14020 | Lair:2   | Killed a four-headed hydra
 14093 | Lair:2   | Found a staircase to the Swamp.
 14485 | Lair:3   | Reached XP level 14. HP: 82/82 MP: 23/23
 14555 | Lair:3   | Reached *** piety under Hepliaklqana
 15547 | Lair:3   | Reached skill level 19 in Ranged Weapons
 16141 | Lair:4   | Found a viscous altar of Jiyva.
 16141 | Lair:4   | Found a staircase to the Slime Pits.
 16296 | Lair:4   | Noticed Snorg
 16312 | Lair:4   | Killed Snorg
 16318 | Lair:4   | Reached **** piety under Hepliaklqana
 16811 | Lair:5   | Entered Level 5 of the Lair of Beasts
 16833 | Lair:5   | Reached skill level 20 in Ranged Weapons
 16834 | Lair:5   | Reached skill level 1 in Evocations
 17097 | Lair:5   | Reached skill level 5 in Evocations
 17195 | Lair:5   | Found the +8 trident of the Octopus King {venom, rElec
                  | rPois}
 17215 | Lair:5   | Reached skill level 1 in Invocations
 17372 | Lair:5   | Reached skill level 1 in Polearms
 17835 | Lair:5   | Found a white marble altar of Elyvilon.
 18050 | Lair:5   | Learned a level 3 spell: Ignite Poison
 18295 | Lair:5   | Reached XP level 15. HP: 86/86 MP: 24/24
 18305 | Lair:5   | Reached skill level 5 in Polearms
 18333 | Lair:5   | Reached ***** piety under Hepliaklqana
 18543 | Orc:1    | Entered Level 1 of the Orcish Mines
 18909 | Orc:2    | Entered Level 2 of the Orcish Mines
 18941 | Orc:2    | Found a frozen archway.
 18959 | IceCv    | Entered an ice cave
 19010 | IceCv    | Noticed a quicksilver ooze
 19031 | IceCv    | Killed a quicksilver ooze
 19413 | IceCv    | Noticed a quicksilver ooze
 19427 | IceCv    | Killed a quicksilver ooze
 19866 | IceCv    | Noticed a quicksilver ooze
 19869 | IceCv    | Killed a quicksilver ooze
 20145 | IceCv    | Noticed a quicksilver ooze
 20148 | IceCv    | Noticed an azure jelly
 20161 | IceCv    | Killed a quicksilver ooze
 20352 | IceCv    | Found a viscous altar of Jiyva.
 20382 | IceCv    | Killed an azure jelly
 20583 | IceCv    | Got the ring of Neoc {rC+ rN+ Dex+6}
 20790 | Orc:2    | Found Souvoeh's Antique Armour Boutique.
 20795 | Orc:2    | Bought a heavily runed helmet for 161 gold pieces
 20795 | Orc:2    | Identified the +0 helmet of Wocs {rPois rN+} (You bought it
                  | in a shop on level 2 of the Orcish Mines)
 20847 | Orc:2    | Found a staircase to the Elven Halls.
 20851 | Orc:2    | Found Poorphiacs's Weapon Shoppe.
 21085 | Orc:2    | Found Veluan's General Store.
 21212 | Orc:2    | Found Ackicec's General Store.
 21217 | Orc:2    | Bought a scroll of identify for 22 gold pieces
 21281 | Orc:2    | Found Toarelub's Book Emporium.
 21281 | Orc:2    | Noticed an orc warlord
 21399 | Orc:2    | Killed an orc warlord
 21887 | Orc:2    | Found Liummyak's General Store.
 21922 | Orc:2    | Bought a manual of Air Magic for 1120 gold pieces
 21954 | Orc:2    | Found Def Puze's Assorted Antiques.
 21959 | Orc:2    | Bought an ivory spear for 216 gold pieces
 21959 | Orc:2    | Identified the +3 spear of Inconvenience {flame, *Noise
                  | rPois rN+++ Str+2} (You bought it in a shop on level 2 of
                  | the Orcish Mines)
 21959 | Orc:2    | Bought a scroll labelled COL NEAWNIWU for 27 gold pieces
 21960 | Orc:2    | Bought a scroll labelled UXTOLU OQIK for 27 gold pieces
 21961 | Orc:2    | Bought a scroll labelled ZUESAO IFAKENG for 27 gold pieces
 21961 | Orc:2    | Bought a scroll of identify for 54 gold pieces
 22005 | Orc:2    | Found Metiamep's Distillery.
 22075 | Orc:2    | Found Bempuilu's Antique Weapon Shoppe.
 22371 | Swamp:1  | Entered Level 1 of the Swamp
 22414 | Swamp:1  | Found a runed translucent gate.
 22415 | Swamp:1  | Found a runed translucent gate.
 22416 | Swamp:1  | Found a runed translucent gate.
 22560 | Swamp:1  | Reached skill level 1 in Transmutations
 22560 | Swamp:1  | Reached skill level 1 in Poison Magic
 23302 | Swamp:1  | Found a runed translucent door.
 23516 | Swamp:1  | Reached XP level 16. HP: 74/90 MP: 25/25
 24414 | Swamp:1  | Reached skill level 5 in Transmutations
 24414 | Swamp:1  | Reached skill level 5 in Poison Magic
 24535 | Swamp:1  | Identified the +2 leather armour "Tusol" {rPois Will+
                  | Regen+ Str-2}
 24663 | Swamp:1  | Noticed PailKail's ghost (journeyman DrBe)
 24663 | Swamp:1  | Noticed PailKail's ghost (journeyman DrBe)
 25172 | Swamp:1  | Killed PailKail's ghost
 25230 | Swamp:1  | Killed PailKail's ghost
 25706 | Swamp:2  | Mangled by a spriggan rider

Illustrated notes

Levels and vault maps discovered:
D:1:      minmay_arrival_shattered_statue, layout_loops_ring, minmay_ruptured
D:2:      layout_basic, minmay_misc_feat_ornament
D:3:      layout_loops_ring, chequers_serial_rivers_small_b, uniq_sigmund
D:4:      layout_cave_pools, nicolae_dithmenos_through_a_glass_darkly,
          serial_shops, nicolae_diamond_shop, hangedman_abyss_or_decor_stagger
D:5:      minmay_razor_zed, layout_rooms, lemuel_doored_altar,
          kennysheep_generic_room_7, uniq_eustachio, uniq_ijyb
D:6:      layout_cave_pools, minmay_temple_entry_butterflies,
          uniq_crazy_yiuf_cottage
D:7:      layout_basic
D:8:      layout_cave_pools, old_standard_altar, minmay_door_square,
          minmay_hedge_maze, chequers_arboretum, grunt_decor_junction,
          minmay_fountain_box
D:9:      layout_small_grid, nicolae_wu_jian_wuxing_cycle,
          mainiacjoe_overflow_six_doors_small, serial_shops,
          nicolae_shop_tiny_waterfront, uniq_harold
D:10:     layout_basic, minmay_lair_entry_grove, minmay_orc_entry_temple_large,
          serial_shops, kennysheep_mini_moat, minivault_25_ag, uniq_erica
D:11:     layout_stronghold, kennysheep_generic_room_4, uniq_urug
Temple:   hellmonk_temple_divided_pantheon
Lair:1:   layout_regular_city, hangedman_lair_generics_rect, grunt_megastairs_4,
          uniq_maggie
Lair:2:   layout_roguey, palyth_hydra_swamp_entry,
          hellmonk_spider_entry_life_and_decay, nicolae_lair_lakeside_cave,
          uniq_nergalle
Lair:3:   cheibrodos_magma_flow, layout_chaotic_city, eino_house_with_fridge,
          grunt_megastairs_3
Lair:4:   layout_cave_pods, dpeg_slime_entry_enclosed, gammafunk_lair_bear_cave,
          uniq_snorg
Lair:5:   gammafunk_lair_ancient_temple, layout_gridlike, basic_altar,
          dreamdust_mushroom_princess
Swamp:1:  gammafunk_mikee_crab_dinner, layout_falls_marsh,
          gammafunk_ghost_cemetery, evilmike_swamp_ruin_rubble_1,
          nicolae_swamp_tree_designs
Swamp:2:  nzn_winding_woodlands_medium [nzn_winding_woodlands_5x5_perimeter,
          nzn_winding_woodlands_5x15_zeroes, nzn_winding_woodlands_5x5_cross,
          nzn_winding_woodlands_5x5_default, nzn_winding_woodlands_center_lodge,
          nzn_winding_woodlands_5x5_closed_star,
          nzn_winding_woodlands_hourglass, nzn_winding_woodlands_5x15_jagged,
          nzn_winding_woodlands_5x5_default], layout_basic_swamp,
          evilmike_swamp_ruin_house_5, kb_tengu_band
Orc:1:    layout_diamond_mine, serial_shops, nicolae_shop_mannequins,
          basic_altar, mines3_lemuel
Orc:2:    grunt_orc_gardens, layout_caves, grunt_orc_garden, grunt_orc_garden,
          grunt_orc_garden, grunt_orc_garden,
          portal_ice_cave_entry_ice_simulacra, serial_shops, shop,
          nicolae_shop_back_alley_shop, shop, shop, shop

Skill      XL: |  1  2  3  4  5  6  7  8  9 10 11 12 13 14 15 16 |
---------------+-------------------------------------------------+-----
Fighting       | 3 4 5 7 8 12 | 12.0
Ranged Weapons | 7 9 10 12 14 16 18 20 | 20.0
Dodging        | 4 6 9 10 | 10.0
Spellcasting   | 3 6 |  6.0
Hexes          | 2 5 |  5.9
Fire Magic     | 2 5 |  5.8
Armour         | 3 6 |  6.0
Evocations     | 6 |  6.0
Invocations    | 2 |  2.3
Polearms       | 4 9 |  9.9
Air Magic      | 2 |  2.9
Transmutations | 3 5 |  5.2
Poison Magic   | 3 5 |  5.1
Stealth        | |  1.3

Action                     |  1- 3 |  4- 6 |  7- 9 | 10-12 | 13-15 | 16-18 || total
---------------------------+-------+-------+-------+-------+-------+-------++-------
  Melee: Trident           |       |       |       |       |   241 |   235 ||   476
         Unarmed           |       |       |       |       |       |     7 ||     7
   Fire: Shortbow          |    77 |    92 |    83 |       |       |       ||   252
         Orcbow            |       |       |   174 |   535 |    12 |       ||   721
         Sling             |       |       |       |       |  1327 |       ||  1327
   Cast: Inner Flame       |       |       |       |     1 |     8 |     1 ||    10
         Ignite Poison     |       |       |       |       |     4 |     6 ||    10
 Invoke: Ancestor Life: Kn |       |       |       |       |     1 |       ||     1
         Recall Ancestor   |       |       |       |       |     1 |     1 ||     2
         Transference      |       |       |       |       |       |     2 ||     2
         Idealise          |       |       |       |       |       |     1 ||     1
  Evoke: Wand              |       |       |       |     4 |     9 |     4 ||    17
    Use: Scroll            |       |     4 |     5 |     8 |    17 |     1 ||    35
         Potion            |       |       |     2 |     1 |     2 |       ||     5
   Stab: Sleeping          |       |       |       |       |     6 |     6 ||    12
         Distracted        |       |       |       |       |     4 |     3 ||     7
         Petrifying        |       |       |       |       |       |     1 ||     1
 Armour: Leather armour    |     3 |     3 |       |       |    30 |    19 ||    55
         Robe              |       |     5 |    17 |    22 |       |       ||    44
         Troll leather arm |       |       |       |    10 |    90 |    25 ||   125
  Dodge: Dodged            |    21 |    53 |    78 |   205 |   515 |   163 ||  1035

Table legend: (Time is in decaauts)
 A = Elapsed time spent in this place.
 B = Non-inter-level travel time spent in this place.
 C = Inter-level travel time spent in this place.
 D = Time resting spent in this place.
 E = Time spent auto-exploring this place.
 F = Levels seen in this place.
 G = Mean time per level.
                   A        B        C        D        E       F      G
               +--------+--------+--------+--------+--------+-----+--------+
         Total |  24918 |  24006 |    912 |   6107 |  14532 |  22 | 1132.6 |
       Dungeon |  11341 |  10939 |    402 |   2224 |   7466 |  11 | 1031.0 |
        Temple |     63 |     54 |      9 |      0 |      8 |   1 |   63.0 |
          Lair |   6637 |   6262 |    375 |    779 |   4495 |   5 | 1327.4 |
         Swamp |   3348 |   3326 |     22 |   1656 |   1150 |   2 | 1674.0 |
  Orcish Mines |   1926 |   1824 |    102 |    487 |   1024 |   2 |  963.0 |
      Ice Cave |   1601 |   1601 |      0 |    959 |    389 |   1 | 1601.0 |
               +--------+--------+--------+--------+--------+-----+--------+

Top non-repeatable levels by time:
 Swamp:1: 3059 daAuts
  Lair:2: 1642 daAuts
   IceCv: 1601 daAuts
     D:4: 1559 daAuts
    D:11: 1397 daAuts
    D:10: 1379 daAuts
  Lair:4: 1324 daAuts
  Lair:5: 1266 daAuts
   Orc:2: 1265 daAuts
  Lair:3: 1206 daAuts
  Lair:1: 1197 daAuts
     D:5: 1161 daAuts
     D:3: 1102 daAuts
     D:8: 953 daAuts
     D:9: 914 daAuts
